 Dungeon Crawl Stone Soup version 0.24-a0-640-ge7cd8ce (webtiles) character file.

Game seed: 2939466864225460642, levelgen mode: deterministic

10894 Anno the Arsonist (level 11, -7/121 HPs)
             Began as a Naga Fire Elementalist on Sept 24, 2019.
             Was a Believer of Vehumet.
             Mangled by Cihiysu's ghost (15 damage)
             ... on level 12 of the Dungeon.
             The game lasted 01:06:01 (10450 turns).

Anno the Arsonist (Naga Fire Elementalist)         Turns: 10450, Time: 01:06:02

Health: -7/121     AC:  6    Str: 16    XL:     11   Next: 69%
Magic:  16/25      EV: 12    Int: 19    God:    Vehumet [**....]
Gold:   397        SH:  6    Dex: 11    Spells: 2/30 levels left

rFire    + + .     SeeInvis +   a - +7 whip of Dutap {vamp, +Rage +Inv rF+}
rCold    + . .     Gourm    .   T - +2 buckler
rNeg     . . .     Faith    .   Z - +1 robe {MR+}
rPois    +         Spirit   .   i - +0 helmet
rElec    .         Reflect  .   V - scarf {rC+ rF+}
rCorr    .         Harm     .   (no gloves)
MR       ++...                  (no barding)
Stlth    ..........             o - amulet of regeneration
HPRegen  0.70/turn              O - +2 ring of evasion
MPRegen  0.19/turn              s - ring of stealth

@: berserking, quick
A: large, see invisible, deformed body, poison resistance, slowness 2, slow
metabolism 1, spit poison 1, AC +3
a: Spit Poison, Renounce Religion, Evoke Berserk Rage, Evoke Invisibility


You were on level 12 of the Dungeon.
You worshipped Vehumet.
Vehumet was pleased with you.
You were near starving.

You visited 2 branches of the dungeon, and saw 13 of its levels.

You collected 463 gold pieces.
You spent 66 gold pieces at shops.

Inventory:

Hand Weapons
 a - the +7 whip of Dutap (weapon) {vamp, +Rage +Inv rF+}
   (You found it on level 4 of the Dungeon)

   It inflicts no extra harm, but heals its wielder when it wounds a living foe.
   It protects you from fire.
   It lets you turn invisible.
   It lets you go berserk.
 b - a +0 glaive
 l - a +1 flail
 M - a cursed +0 spear of venom
Missiles
 j - 15 boomerangs (quivered)
 t - 2 throwing nets
 B - 50 poisoned darts
 K - 4 curare-tipped darts
 X - 2 javelins
Armour
 i - a +0 helmet (worn)
 x - a +0 large shield
 C - a +0 shield
 D - a +0 troll leather armour
 T - a +2 buckler (worn)
 V - a scarf of resistance (worn)
 Z - a +1 robe of magic resistance (worn)
Magical Staves
 R - an uncursed staff of air
Jewellery
 g - an uncursed ring of resist corrosion
 o - an amulet of regeneration (around neck)
 s - a ring of stealth (right hand)
 L - an uncursed ring of protection from fire
 O - a +2 ring of evasion (left hand)
Wands
 u - a wand of digging (5)
 E - a wand of iceblast (8)
 F - a wand of paralysis (6)
 U - a wand of polymorph (8)
 W - a wand of scattershot (6)
Scrolls
 e - a scroll of enchant weapon
 h - 2 scrolls of teleportation
 k - 3 scrolls of fog
 m - 2 scrolls of magic mapping
 v - a scroll of enchant armour
 y - a scroll of blinking {unknown}
 A - 5 scrolls of remove curse
 G - a scroll of random uselessness {unknown}
 I - 3 scrolls of amnesia
 J - 2 scrolls of summoning {unknown}
 N - a scroll of vulnerability {unknown}
 P - 3 scrolls of immolation {unknown}
Potions
 d - a potion of experience {unknown}
 f - 5 potions of curing
 n - 2 potions of might
 p - a potion of berserk rage
 r - a potion of flight
 w - a potion of cancellation
 z - 4 potions of haste
 H - 2 potions of agility
 Q - a potion of invisibility
 S - a potion of heal wounds
 Y - a potion of resistance {unknown}
Comestibles
 c - 17 rations


   Skills:
 - Level 1.5 Dodging
 - Level 3.0 Stealth
 * Level 3.1 Shields
 * Level 10.1 Spellcasting
 * Level 9.4 Conjurations
 * Level 0.2 Summonings
 * Level 3.3 Translocations
 * Level 10.3 Fire Magic
 - Level 1.0 Air Magic
 - Level 1.0 Poison Magic


You had 2 spell levels left.
You knew the following spells:

 Your Spells              Type           Power        Failure   Level  Hunger
a - Flame Tongue          Conj/Fire      #####        1%          1    None
b - Throw Flame           Conj/Fire      #####.       1%          2    None
c - Sticky Flame          Conj/Fire      #####...     1%          4    ##.....
d - Conjure Flame         Conj/Fire      #####...     1%          3    None
e - Inner Flame           Hex/Fire       ####....     2%          3    None
f - Blink                 Tloc           N/A          2%          2    None
g - Mephitic Cloud        Conj/Pois/Air  ###.....     4%          3    None
h - Fireball              Conj/Fire      #####.....   3%          5    #####..
i - Call Imp              Summ           ##......     10%         2    None
j - Static Discharge      Conj/Air       ####....     2%          3    None

Your spell library contained the following spells:

 Spells                   Type           Power        Failure   Level  Hunger
 Magic Dart               Conj           ####         1%          1    None
 Sting                    Conj/Pois      ####         1%          1    None
 Corona                   Hex            #......      8%          1    None
 Poisonous Vapours        Pois/Air       ##....       8%          2    None
 Slow                     Hex            #.......     11%         2    None
 Portal Projectile        Hex/Tloc       ###...       11%         3    None
 Venom Bolt               Conj/Pois      ####......   24%         5    #####..
 Olgreb's Toxic Radiance  Pois           ##......     43%         4    ##.....
 Cause Fear               Hex            #.........   58%         4    ##.....
 Leda's Liquefaction      Hex/Erth       #.........   58%         4    ##.....


Dungeon Overview and Level Annotations

Branches:
Dungeon (12/15)            Temple (1/1) D:7            Lair (0/6) D:11
    Orc (0/2) D:11

Altars:
Ashenzari
Cheibriados
Dithmenos
Elyvilon
Fedhas
Gozag
Hepliaklqana
Kikubaaqudgha
Makhleb
Nemelex Xobeh
Okawaru
Qazlal
Ru
Sif Muna
Trog
Uskayaw
Vehumet
Wu Jian
Xom
Yredelemnul
Zin
The Shining One

Shops:
D:4 [   D:6 (   D:7 ?   D:10 ?

Annotations:
D:4 exclusion: phantom
D:11 exclusion: 2 death yaks
D:12 Cihiysu's ghost, journeyman GnWn


Innate Abilities, Weirdness & Mutations

You cannot wear boots.
Your serpentine skin is tough. (AC +3)
You have supernaturally acute eyesight. (SInv)
Armour fits poorly on your strangely shaped body.
Your system is resistant to poisons. (rPois)
You cover ground very slowly.
You have a slow metabolism.
You can spit poison.


Message History

You barely miss Cihiysu's ghost.
Cihiysu's ghost is moderately damaged.
Your white imp gestures at Cihiysu's ghost.
The puff of frost hits Cihiysu's ghost but does no damage.
You hit Cihiysu's ghost but do no damage.
Cihiysu's ghost is moderately damaged.
Cihiysu's ghost shrieks, "You must not succeed where I failed!"
Cihiysu's ghost hits you!
* * * LOW HITPOINT WARNING * * *
You barely miss Cihiysu's ghost.
Cihiysu's ghost is moderately damaged.
Your white imp gestures at Cihiysu's ghost.
The puff of frost hits Cihiysu's ghost but does no damage.
Cihiysu's ghost hits your white imp! Cihiysu's ghost burns your white imp.
Your white imp dies!
Cihiysu's ghost turns its malevolent gaze towards you.
You hit Cihiysu's ghost but do no damage.
Cihiysu's ghost is moderately damaged.
Cihiysu's ghost hits you!
You die...

#........#
..######........#
.......+........#
..######........#
##.####### #.#
#.## #..# ##@##
#.W.# ##'## #.≈.#
#.≈.# #.≈.# #.≈.#
#$()# #####


You could see Cihiysu's ghost.

Vanquished Creatures
  Gastronok (D:10)
  Snorg (D:10)
  A two-headed ogre (D:10)
  An ugly thing (D:11)
  Psyche (D:8)
  2 gargoyles
  A kobold demonologist (D:10)
  2 trolls
  Grinder (D:5)
  A wraith (D:9)
  A human (D:9)
  Grum (D:11)
  5 yaks (D:11)
  A hungry ghost (D:8)
  A porcupine (D:11)
  4 orc warriors
  2 sky beasts (D:6)
  A black bear (D:6)
  2 ice beasts
  4 wolves
  4 ogres
  2 big kobolds (D:10)
  5 bullfrogs
  A water moccasin zombie (D:12)
  A scorpion (D:7)
  14 killer bees
  10 wights
  2 crimson imps
  2 bullfrog zombies
  3 jellies
  3 bullfrog skeletons
  4 hounds
  5 orc priests
  Ijyb (D:5)
  4 iguanas
  3 orc wizards
  9 worker ants
  A howler monkey zombie (D:7)
  A worker ant zombie (D:5)
  8 adders
  11 gnolls
  4 shadow imps
  An ooze (D:1)
  3 adder zombies
  4 worms
  2 dart slugs (D:3)
  7 leopard geckos
  18 orcs
  A bat zombie (D:9)
  6 giant cockroaches
  13 goblins
  10 hobgoblins
  A quokka (D:11)
  A ball python (D:1)
  8 bats
  8 frilled lizards
  8 kobolds
  A leopard gecko skeleton (D:5)
  A quokka skeleton (D:4)
  11 rats
  3 rat zombies (D:9)
239 creatures vanquished.

Notes
Turn   | Place    | Note
-------+----------+-------------------------------------------
     0 | D:1      | Anno the Naga Fire Elementalist began the quest for the
                  | Orb.
     0 | D:1      | Reached XP level 1. HP: 15/15 MP: 3/3
   240 | D:1      | Reached XP level 2. HP: 15/22 MP: 0/5
   244 | D:1      | Learned a level 2 spell: Throw Flame
   506 | D:1      | Reached XP level 3. HP: 26/28 MP: 4/6
   979 | D:2      | Reached XP level 4. HP: 23/36 MP: 3/7
   988 | D:2      | Learned a level 4 spell: Sticky Flame
  1918 | D:3      | Found a white marble altar of Elyvilon.
  2127 | D:3      | Reached XP level 5. HP: 42/42 MP: 4/8
  2623 | D:4      | Got a faintly glowing whip
  2624 | D:4      | Identified the +7 whip of Dutap {vamp, +Rage +Inv rF+} (You
                  | found it on level 4 of the Dungeon)
  2682 | D:4      | Found a glowing silver altar of Zin.
  2721 | D:4      | Noticed a phantom
  2842 | D:4      | Found Nilet's Armour Boutique.
  3428 | D:5      | Entered Level 5 of the Dungeon
  3459 | D:5      | Reached skill level 5 in Fire Magic
  3459 | D:5      | Reached XP level 6. HP: 49/49 MP: 4/10
  3603 | D:5      | Noticed Grinder
  3610 | D:5      | Paralysed by Grinder for 3 turns
  3614 | D:5      | Killed Grinder
  3614 | D:5      | Reached XP level 7. HP: 33/55 MP: 2/13
  3699 | D:5      | Learned a level 3 spell: Conjure Flame
  3703 | D:5      | Learned a level 3 spell: Inner Flame
  3887 | D:5      | Found a bloodstained altar of Trog.
  3889 | D:5      | Noticed Ijyb
  3904 | D:5      | Killed Ijyb
  4101 | D:5      | Reached XP level 8. HP: 62/62 MP: 6/15
  4105 | D:5      | Reached skill level 5 in Spellcasting
  4225 | D:5      | Reached skill level 5 in Conjurations
  4748 | D:6      | Found Cympoopp's Antique Weapon Boutique.
  4998 | D:6      | Learned a level 2 spell: Blink
  5002 | D:6      | Learned a level 3 spell: Mephitic Cloud
  5177 | D:6      | Reached XP level 9. HP: 68/68 MP: 0/18
  5180 | D:6      | Reached skill level 1 in Translocations
  5533 | D:7      | Found a shattered altar of Ashenzari.
  5583 | D:7      | Found a staircase to the Ecumenical Temple.
  5592 | Temple   | Entered the Ecumenical Temple
  5683 | Temple   | Became a worshipper of Vehumet
  5978 | D:7      | Found Daureot's Magic Scroll Shop.
  5981 | D:7      | Bought a scroll of noise for 14 gold pieces
  6659 | D:8      | Noticed Psyche
  6702 | D:8      | Reached skill level 1 in Poison Magic
  6970 | D:9      | Reached skill level 1 in Air Magic
  7110 | D:9      | Found an ancient bone altar of Kikubaaqudgha.
  7598 | D:9      | Found a snail-covered altar of Cheibriados.
  7677 | D:9      | Found a hazy altar of Hepliaklqana.
  7678 | D:9      | Found a shimmering altar of Xom.
  7678 | D:9      | Noticed a torpor snail
  7679 | D:9      | Noticed a torpor snail
  7679 | D:9      | Noticed a spectral ugly thing
  7721 | D:10     | Entered Level 10 of the Dungeon
  7728 | D:10     | Noticed Snorg
  7839 | D:10     | Found Acurus's Magic Scroll Shoppe.
  7852 | D:10     | Reached XP level 10. HP: 46/75 MP: 16/21
  7859 | D:10     | Bought a scroll of amnesia for 52 gold pieces
  7893 | D:10     | Reached * piety under Vehumet
  7893 | D:10     | Offered knowledge of Shock by Vehumet.
  7900 | D:10     | Learned a level 5 spell: Fireball
  7969 | D:10     | Reached skill level 1 in Shields
  8241 | D:10     | Noticed a two-headed ogre
  8253 | D:10     | Killed a two-headed ogre
  8415 | D:10     | Noticed Gastronok
  8435 | D:10     | Killed Gastronok
  8563 | D:10     | Noticed a kobold demonologist
  8656 | D:8      | Killed Psyche
  8656 | D:8      | Reached XP level 11. HP: 71/81 MP: 13/24
  9106 | D:10     | Killed Snorg
  9157 | D:11     | Noticed Grum
  9216 | D:11     | Reached ** piety under Vehumet
  9216 | D:11     | Offered knowledge of Throw Frost by Vehumet.
  9224 | D:11     | Killed Grum
  9377 | D:11     | Noticed a cyan ugly thing
  9396 | D:11     | Reached skill level 10 in Fire Magic
  9710 | D:11     | Found a staircase to the Orcish Mines.
  9749 | D:11     | Noticed a death yak
  9780 | D:11     | Noticed a death yak
  9810 | D:11     | Reached skill level 10 in Spellcasting
  9840 | D:11     | Killed a cyan ugly thing
  9973 | D:11     | Learned a level 2 spell: Call Imp
  9993 | D:11     | Found a staircase to the Lair.
 10120 | D:12     | Offered knowledge of Static Discharge by Vehumet.
 10138 | D:12     | Learned a level 3 spell: Static Discharge
 10428 | D:12     | Found a runed translucent door.
 10433 | D:12     | Noticed Cihiysu's ghost (journeyman GnWn)
 10450 | D:12     | Mangled by Cihiysu's ghost

Levels and vault maps discovered:
D:1:      eino_arrival_water_star, layout_basic, chequers_garden,
          serial_bayou_pond_b, amethyst_killhole, serial_bayou_pond_c
D:2:      layout_loops_corners, serial_co_window_serial, co_window_corner_a,
          co_window_corner_a, co_window_corner_a, co_window_paths_a,
          co_window_paths_b, co_window_broadway_b, co_window_broadway_a,
          co_window_corner_b, glass_columns_a, glass_columns_c, glass_columns_c
D:3:      layout_loops_ring, lemuel_crystal_altar, serial_park_tiny_1
D:4:      layout_basic, lemuel_crystal_altar, serial_forest,
          infiniplex_forest_straight_2, infiniplex_forest_lined_1,
          infiniplex_forest_end_1, infiniplex_forest_straight_2,
          infiniplex_forest_clump_curved, infiniplex_forest_clump_C,
          serial_shops, shop
D:5:      layout_loops_ring, overflow_temple_1_default, first_ration, uniq_ijyb,
          uniq_grinder
D:6:      layout_loops_corners, serial_shops, shop
D:7:      layout_loops_ring, ashenzari_altar_1, minmay_temple_entry_overgrown,
          serial_shops, shop
D:8:      layout_basic, uniq_psyche
D:9:      layout_irregular_city, lemuel_zombie_altar_kikubaaqudgha,
          slow_altar_1, regret_index_temple_of_mockery, grunt_pizzeria
D:10:     layout_roguey, serial_shops, shop, uniq_snorg, uniq_gastronok
D:11:     layout_basic, dpeg_lair_monsters, orc_0_dummy, uniq_grum
D:12:     layout_basic, ebering_ghost_reflecting_pool, uniq_jorgrun
Temple:   nicolae_temple_great_sept

Skill      XL: |  1  2  3  4  5  6  7  8  9 10 11 |
---------------+----------------------------------+-----
Fire Magic     | 4 5 6 7 8 9 10 | 10.3
Conjurations   | 2 3 4 5 7 8 9 |  9.4
Spellcasting   | 3 4 6 7 9 10 | 10.1
Translocations | 2 3 |  3.3
Poison Magic   | 1 |  1.0
Air Magic      | 1 |  1.0
Shields        | 2 3 |  3.1
Dodging        | |  1.5
Stealth        | |  3.0
Summonings     | |  0.2

Action                   |  1- 3 |  4- 6 |  7- 9 | 10-12 || total
-------------------------+-------+-------+-------+-------++-------
Melee: Short sword       |    13 |       |       |       ||    13
       Flail             |     6 |    21 |       |       ||    27
       Whip              |       |    25 |   193 |   141 ||   359
       Glaive            |       |       |    13 |       ||    13
 Cast: Flame Tongue      |    44 |    65 |   122 |   106 ||   337
       Throw Flame       |       |     1 |     4 |    20 ||    25
       Sticky Flame      |       |     3 |    15 |    25 ||    43
       Conjure Flame     |       |       |     7 |     5 ||    12
       Inner Flame       |       |       |     2 |     2 ||     4
       Blink             |       |       |       |     5 ||     5
       Mephitic Cloud    |       |       |       |     3 ||     3
       Fireball          |       |       |       |     5 ||     5
       Call Imp          |       |       |       |     2 ||     2
 Abil: Spit Poison       |     3 |     1 |     8 |     8 ||    20
       Evoke Berserk Rag |       |       |       |     1 ||     1
       Evoke Invisibilit |       |       |       |     1 ||     1
  Use: Scroll            |       |    11 |     7 |     1 ||    19
       Potion            |       |       |       |     1 ||     1
 Stab: Sleeping          |     1 |     1 |     3 |       ||     5
  Eat: Chunk             |       |     9 |     3 |    10 ||    22
       Ration            |       |       |     4 |       ||     4
Armor: Robe              |     4 |    18 |    62 |    21 ||   105
       Skin              |       |       |       |     1 ||     1
Dodge: Dodged            |    12 |    36 |    95 |    97 ||   240
Block: Buckler           |       |       |    12 |    43 ||    55

Table legend:
 A = Non-vault XP
 B = Vault XP
 C = Vault XP percentage of total XP
 D = Non-vault monster count
 E = Vault monster count
 F = Vault count percentage of total count
                 A         B        C        D         E       F
            +---------+---------+-------+---------+---------+-------
      Total |   10474 |    5090 |  32.7 |     220 |      19 |   7.9
            +---------+---------+-------+---------+---------+-------
        D:1 |      45 |      16 |  26.2 |      29 |       2 |   6.5
        D:2 |      53 |       0 |   0.0 |      15 |       0 |   0.0
        D:3 |     108 |       0 |   0.0 |      27 |       0 |   0.0
        D:4 |      69 |       0 |   0.0 |       6 |       0 |   0.0
        D:5 |    1084 |     308 |  22.1 |      21 |       2 |   8.7
        D:6 |     723 |       0 |   0.0 |      13 |       0 |   0.0
        D:7 |     647 |       0 |   0.0 |      22 |       0 |   0.0
        D:8 |     499 |     439 |  46.8 |       7 |       1 |  12.5
        D:9 |     779 |     212 |  21.4 |      17 |       6 |  26.1
       D:10 |    2918 |    3424 |  54.0 |      33 |       3 |   8.3
       D:11 |    2966 |     691 |  18.9 |      26 |       5 |  16.1
       D:12 |     583 |       0 |   0.0 |       4 |       0 |   0.0
            +---------+---------+-------+---------+---------+-------
